 Dungeon Crawl Stone Soup version 0.29.1-1-gd02db6906a (webtiles) character file.

Game seed: 16044185214763310494

112 tardwrangler69 the Digger (level 4, -5/30 HPs)
             Began as a Demonspawn Earth Elementalist on Oct 21, 2022.
             Slain by an orc
             ... wielding a +2 whip of electrocution
              (15 damage)
             ... on level 3 of the Dungeon.
             The game lasted 00:02:52 (2681 turns).

tardwrangler69 the Digger (DsEE)                    Turns: 2681, Time: 00:02:53

Health: -5/30      AC:  5    Str:  8    XL:     4   Next: 64%
Magic:  2/9        EV: 12    Int: 19    God:
Gold:   141        SH:  0    Dex: 13    Spells: 9/10 levels left

rFire   + . .      SeeInvis .   f - +1 whip (drain)
rCold   + . .      Faith    .   (no shield)
rNeg    . . .      Spirit   .   t - +2 robe {rC+ rF+}
rPois   .          Reflect  .   (no helmet)
rElec   .          Harm     .   (no cloak)
rCorr   .          Rampage  .   d - +0 pair of gloves
Will    .....                   (no boots)
Stlth   ++........              (no amulet)
HPRegen 0.10/turn               (no ring)
MPRegen 0.11/turn               (no ring)

@: no status effects
A: demonic touch 2
a: no special abilities


You were on level 3 of the Dungeon.
You visited 1 branch of the dungeon, and saw 3 of its levels.

You collected 141 gold pieces.

Inventory:

Hand Weapons
 f - a +1 whip of draining (weapon)
Armour
 d - a +0 pair of gloves (worn)
 s - the +0 scale mail "Qianept" {Contam Drain Will+++ rCorr}
   (You found it on level 2 of the Dungeon)

   Contam:    It causes magical contamination when unequipped.
   rCorr:     It protects you from acid and corrosion.
   Drain:     It drains your maximum health when unequipped.
   Will:      It greatly increases your willpower.
 t - a +2 robe of resistance (worn)
Jewellery
 a - an amulet of reflection
 p - a ring of ice
Scrolls
 c - a scroll of butterflies {unknown}
 e - a scroll of vulnerability {unknown}
 g - a scroll of teleportation {unknown}
 h - a scroll of blinking {unknown}
 i - 2 scrolls of enchant weapon {unknown}
 k - a scroll of amnesia {unknown}
 l - 2 scrolls of noise {unknown}
 n - a scroll of poison {unknown}
 q - a scroll of enchant armour {unknown}
Potions
 b - a potion of magic
 j - a potion of heal wounds {unknown}
 m - a potion of degeneration {unknown}
 o - a potion of brilliance {unknown}
 r - a potion of ambrosia {unknown}


   Skills:
 - Level 1.7 Dodging
 - Level 1.7 Stealth
 + Level 3.5 Spellcasting
 - Level 0.8 Transmutations
 + Level 4.0 Earth Magic


You had 9 spell levels left.
You knew the following spells:

 Your Spells              Type           Power      Damage    Failure   Level
a - Sandblast             Erth           36%        2d10      2%          1

Your spell library contained the following spells:

 Spells                   Type           Power      Damage    Failure   Level
 Passwall                 Tmut/Erth      10%        N/A       9%          2
 Beastly Appendage        Tmut           12%        N/A       11%         1
 Wereblood                Tmut           6%         N/A       16%         2
 Stone Arrow              Conj/Erth      20%        3d8       19%         3
 Spider Form              Tmut/Pois      4%         N/A       36%         3
 Gell's Gravitas          Tloc           3%         N/A       41%         3
 Lesser Beckoning         Tloc           3%         N/A       41%         3
 Teleport Other           Tloc           3%         N/A       41%         3
 Petrify                  Tmut/Erth      12%        N/A       47%         4


Dungeon Overview and Level Annotations

Branches:
Dungeon (3/15)

Altars:


Innate Abilities, Weirdness & Mutations

Your touch may inflict irresistible damage on your foes.


Message History

The orc wizard hits you but does no damage.
The orc wizard attacks as you move away!
The orc wizard hits you with a +0 dagger.
Your magical contamination has completely faded away.
The orc closely misses you.
You see here 10 gold pieces.
The orc attacks as you move away! The orc completely misses you.
You bump into the rock wall.
You feel less confused. The orc barely misses you.
The orc wizard gestures at you while chanting.
You resist with some effort.
Casting: Sandblast (safe; 2% risk of failure)
Confirm with . or Enter, or press ? or * to list all spells.
Aiming: Sandblast (safe; 2% risk of failure)
Press: ? - help, Shift-Dir - straight line, f - orc wizard
Aim: an orc wizard, wielding a +0 dagger and wearing a +0 robe (77% to hit)
The blast of sand hits the orc wizard.
The orc wizard is heavily wounded.
The orc barely misses you.
The orc hits you with a +2 whip of electrocution.
The orc wizard hits you but does no damage.
Casting: Sandblast (safe; 2% risk of failure)
Confirm with . or Enter, or press ? or * to list all spells.
Aiming: Sandblast (safe; 2% risk of failure)
Press: ? - help, Shift-Dir - straight line, f/p - orc wizard
Aim: an orc wizard, wielding a +0 dagger and wearing a +0 robe (heavily wounded, 77% to hit)
The blast of sand hits the orc wizard!
The orc wizard is almost dead.
The orc closely misses you.
The orc hits you with a +2 whip of electrocution.
The orc wizard barely misses you.
The orc hits you with a +2 whip of electrocution.
The orc barely misses you. The orc wizard closely misses you.
You barely miss the orc wizard.
The orc wizard is almost dead.
The orc closely misses you. The orc hits you but does no damage.
You are electrocuted!
Ouch! That really hurt!
You die...

###.###
#.....#####
#.........#
#$.....##.#
##.).......+
#..)....##.#
#$.....##
#.ooo..###.#
##.@.......#
#####.##### #+#
#.# #.# #.# #.#
#.# ##.##
#(########...##
#.##...........
#.##.#####.>.##
#.##.# ##.##


You could see an orc wizard and 2 orcs.

Vanquished Creatures
  An orc wizard (D:3)
  2 adders (D:2)
  3 dart slugs
  4 orcs (D:3)
  7 ball pythons
  6 endoplasms
  A giant cockroach (D:1)
  3 hobgoblins
  3 kobolds
  A quokka (D:1)
  3 bats
  3 frilled lizards
  10 goblins
  7 rats
  A spectral kobold (D:2)
55 creatures vanquished.

Notes
Turn   | Place    | Note
-------+----------+-------------------------------------------
     0 | D:1      | tardwrangler69 the Demonspawn Earth Elementalist began the
                  | quest for the Orb.
     0 | D:1      | Reached XP level 1. HP: 13/13 MP: 3/3
   107 | D:1      | Reached skill level 3 in Earth Magic
   109 | D:1      | Gained mutation: Your touch may inflict minor irresistible
                  | damage on your foes. [demonic ancestry]
   109 | D:1      | Reached XP level 2. HP: 9/17 MP: 0/5
   919 | D:1      | Reached XP level 3. HP: 12/23 MP: 4/7
  1910 | D:2      | Found a faded altar of an unknown god.
  2043 | D:2      | Gained mutation: Your touch may inflict irresistible damage
                  | on your foes. [demonic ancestry]
  2043 | D:2      | Reached XP level 4. HP: 29/29 MP: 5/8
  2163 | D:2      | Identified the +0 scale mail "Qianept" {Contam Drain
                  | Will+++ rCorr}
  2664 | D:3      | Reached skill level 4 in Earth Magic
  2681 | D:3      | Slain by an orc

Illustrated notes

Levels and vault maps discovered:
D:1:      erik_arrival_cave_to_civilisation [erik_arrival_cave_to_hall],
          layout_basic
D:2:      layout_basic, dreamdust_ecumenical_altar_drowned_temple, minmay_tall_x
D:3:      layout_loops_corners

Skill      XL: |  1  2  3  4 |
---------------+-------------+-----
Earth Magic    | 3 4 |  4.0
Spellcasting   | 3 |  3.5
Dodging        | |  1.7
Stealth        | |  1.7
Transmutations | |  0.8

Action                   |  1- 3 |  4- 6 || total
-------------------------+-------+-------++-------
Melee: Dagger            |     9 |       ||     9
       Whip              |    25 |    15 ||    40
       Touch             |     3 |     1 ||     4
 Cast: Sandblast         |    43 |    18 ||    61
 Stab: Sleeping          |     4 |       ||     4
Armor: Robe              |    15 |    17 ||    32
Dodge: Dodged            |    30 |    23 ||    53
